 Dungeon Crawl Stone Soup version 0.23.2-40-g277498a001 (webtiles) character file.

Game seed: 2577718004548489071

50 Emblim88 the Caller (level 3, -8/19 HPs)
             Began as a Deep Elf Summoner on Sept 19, 2019.
             Was a Plaything of Xom.
             Killed by the capriciousness of Xom (16 damage)
             ... on level 2 of the Dungeon.
             The game lasted 00:15:31 (2671 turns).

Emblim88 the Caller (Deep Elf Summoner)             Turns: 2671, Time: 00:15:39

Health: -8/19      AC:  6    Str:  5    XL:     3   Next: 55%
Magic:  5/10       EV: 13    Int: 20    God:    Xom [..*...]
Gold:   108        SH:  0    Dex: 15    Spells: 3/9 levels left

rFire    . . .     SeeInvis .   d - +0 dagger
rCold    + . .     Gourm    .   (no shield)
rNeg     . . .     Faith    .   s - +2 robe {rC+}
rPois    .         Spirit   .   o - +2 hat
rElec    .         Reflect  .   (no cloak)
rCorr    +         Harm     .   (no gloves)
MR       .....                  (no boots)
Stlth    ++........             (no amulet)
HPRegen  0.06/turn              a - ring of resist corrosion
MPRegen  0.12/turn              (no ring)

@: no status effects
A: no striking features
a: Renounce Religion


You were on level 2 of the Dungeon.
You worshipped Xom.
You were a BORING thing.
You were not hungry.

You visited 1 branch of the dungeon, and saw 3 of its levels.

You collected 108 gold pieces.

Inventory:

Hand Weapons
 d - a +0 dagger (weapon)
 k - a +1 club
Missiles
 f - 7 javelins (quivered)
 h - 29 stones
 n - 10 poisoned needles
 p - 4 curare-tipped needles
 q - a throwing net
Armour
 o - a +2 hat (worn)
 s - a +2 robe of cold resistance (worn)
Jewellery
 a - a ring of resist corrosion (left hand)
Scrolls
 e - 3 scrolls of fog
 g - a scroll of remove curse
 j - a scroll of enchant armour
 m - a scroll of teleportation
Potions
 b - a potion of flight
 i - a potion of lignification
 r - a potion of cancellation
Comestibles
 c - 4 rations


   Skills:
 + Level 2.9 Dodging
 * Level 3.6 Stealth
 + Level 3.5 Spellcasting
 * Level 4.9 Summonings


You had 3 spell levels left.
You knew the following spells:

 Your Spells              Type           Power        Failure   Level  Hunger
a - Summon Small Mammal   Summ           ###.         1%          1    None
b - Call Imp              Summ           ###.....     2%          2    ##.....
c - Call Canine Familiar  Summ           ###.....     5%          3    ###....

Your spell library contained the following spells:

 Spells                   Type           Power        Failure   Level  Hunger
 Summon Guardian Golem    Hex/Summ       ##......     14%         3    ###....
 Summon Ice Beast         Ice/Summ       ##......     43%         4    ####...
 Summon Lightning Spire   Summ/Air       ##......     43%         4    ####...


Dungeon Overview and Level Annotations

Branches:
Dungeon (3/15)

Altars:
Hepliaklqana
Wu Jian
Xom


Message History

Your crimson imp hits the orc priest.
Your white imp hits the orc priest but does no damage.
The orc priest invokes the aid of Beogh against you.
Beogh smites you!
Ouch! That really hurt!
The orc priest hits your crimson imp but does no damage.
Your crimson imp hits the orc priest but does no damage.
Your white imp hits the orc priest.
Your white imp freezes the orc priest.
The orc priest hits your crimson imp but does no damage.
The orc priest hits your crimson imp.
Your crimson imp barely misses the orc priest.
You climb upwards.
There is a stone staircase leading down here.
You start resting.
Xom's attention turns to you for a moment.
You are caught in an explosion of electrical discharges!
The explosion engulfs you!
Ouch! That really hurt!
You die...
Xom is highly amused!

#....#
#.##...##..5..^^^..
#....#
#...##.##)....^_.)#
#....#
##.##..##.#....^^..
#....# #.................
####.# #...#.#..#.#...#<#
#.######.###.#..#.#.#.#.#
#..........#.#..#.#.#.#..
########[#.#.#..#.#.#.##.
#@..(.............
#.#.#.#..#...#.##.
#.#.#.#.....<#.##.
#.#5#.#........##.
#.....#..#####.##.
#.....#...........
#.....##.#########
#........# ###...####


There were no monsters in sight!

Vanquished Creatures
  A jackal (D:2)
  A frilled lizard (D:2)
  A kobold (D:1)
3 creatures vanquished.

Vanquished Creatures (collateral kills)
  2 adders (D:2)
  A worm (D:2)
  3 dart slugs
  2 leopard geckos
  5 giant cockroaches
  4 goblins (D:2)
  7 hobgoblins
  4 jackals
  3 kobolds
  A ball python (D:2)
  10 bats
  2 frilled lizards
  4 rats
48 creatures vanquished.

Grand Total: 51 creatures vanquished

Notes
Turn   | Place    | Note
-------+----------+-------------------------------------------
     0 | D:1      | Emblim88 the Deep Elf Summoner began the quest for the Orb.
     0 | D:1      | Reached XP level 1. HP: 10/10 MP: 6/6
   691 | D:1      | Reached XP level 2. HP: 15/15 MP: 5/8
  1074 | D:1      | Learned a level 2 spell: Call Imp
  1290 | D:2      | Found a shimmering altar of Xom.
  1623 | D:2      | Became a worshipper of Xom the Capricious
  1652 | D:2      | Reached XP level 3. HP: 11/19 MP: 4/9
  1793 | D:2      | XOM: harmless Tmut miscast
  1862 | D:2      | Learned a level 3 spell: Call Canine Familiar
  1868 | D:2      | XOM: harmless Conj miscast
  1898 | D:2      | XOM: silly message
  1916 | D:2      | Found a hazy altar of Hepliaklqana.
  2263 | D:2      | XOM: divination: detect items
  2266 | D:2      | Found an ornate altar of the Wu Jian Council.
  2334 | D:2      | XOM: silly message
  2671 | D:2      | XOM is BORED!
  2671 | D:2      | XOM: medium Air miscast
  2671 | D:2      | Killed by the capriciousness of Xom

Skill      XL: |  1  2 |
---------------+-------+-----
Stealth        | 3 |  3.6
Dodging        | |  2.9
Spellcasting   | |  3.5
Summonings     | |  4.9

Action                   || total
-------------------------++-------
Melee: Dagger            ||    29
Throw: Javelin           ||     4
 Cast: Summon Small Mamm ||    36
       Call Imp          ||    33
  Use: Scroll            ||     8
       Potion            ||     2
  Eat: Ration            ||     2
       Chunk             ||     1
Armor: Robe              ||    21
Dodge: Dodged            ||    71
